 Dungeon Crawl Stone Soup version 0.21.0 (webtiles) character file.

122 Tiruin the Bolt Thrower (level 5, -1/36 HPs)
             Began as a Formicid Hunter on Jan 11, 2018.
             Was an Initiate of Hepliaklqana.
             Splashed by Ijyb's acid (12 damage)
             ... on level 3 of the Dungeon.
             The game lasted 00:10:20 (2008 turns).

Tiruin the Bolt Thrower (Formicid Hunter)           Turns: 2008, Time: 00:10:26

Health: -1/36      AC:  1    Str: 17    XL:     5   Next: 27%
Magic:  5/5        EV: 11    Int: 11    God:    Hepliaklqana [......]
Gold:   159        SH:  0    Dex: 11    Spells: 4/4 levels left

rFire    . . .     SeeInvis +   l - +0 hunting sling
rCold    . . .     Gourm    .   (no shield)
rNeg     . . .     Faith    .   k - +0 ring mail
rPois    .         Spirit   .   (helmet unavailable)
rElec    .         Reflect  .   (no cloak)
rCorr    .         Harm     .   (no gloves)
MR       .....                  (no boots)
Stlth    +.........             (no amulet)
HPRegen  0.12/turn              (no ring)
MPRegen  0.09/turn              (no ring)

@: corroded
A: permanent stasis, dig shafts and tunnels, four strong arms, reduced essence,
antennae 3
a: Dig, Shaft Self, Recall Ancestor, Ancestor Identity, Renounce Religion


You were on level 3 of the Dungeon.
You worshipped Hepliaklqana.
Hepliaklqana was noncommittal.
You were not hungry.

You visited 1 branch of the dungeon, and saw 3 of its levels.

You collected 159 gold pieces.

Inventory:

Hand Weapons
 a - a +1 hand crossbow
 b - a +0 short sword
 l - a +0 hunting sling (weapon)
Missiles
 d - 55 bolts
 h - 44 arrows
 m - 77 stones (quivered)
Armour
 k - a +0 ring mail (worn)
Scrolls
 c - 2 scrolls of enchant weapon {unknown}
 e - a scroll of fog {unknown}
 i - 3 scrolls of identify {unknown}
 j - a scroll of blinking {unknown}
 n - 2 scrolls of teleportation {unknown}
Potions
 g - 2 potions of curing {unknown}
Comestibles
 f - 6 rations
 o - a chunk of flesh


   Skills:
 + Level 3.2 Fighting
 - Level 0.1 Short Blades
 + Level 4.9 Crossbows
 + Level 2.0 Armour
 + Level 2.4 Dodging
 - Level 1.2 Stealth


You had 4 spell levels left.
You didn't know any spells.

Dungeon Overview and Level Annotations

Branches:
Dungeon (3/15)

Altars:
Hepliaklqana

Annotations:
D:3 Ijyb


Innate Abilities, Weirdness & Mutations

You cannot be hasted, slowed, berserked, paralysed or teleported.
You can dig through walls and to a lower floor.
Your four strong arms can wield two-handed weapons with a shield.
You have a pair of large antennae on your head. (SInv)
Your life essence is reduced to manifest your ancestor. (-10% HP)


Message History

You shoot a stone. The stone misses the leopard gecko.
Ijyb the Twisted Goblin comes into view.
She is wielding a dagger.
Firing (i - inventory):
m - 78 stones (quivered)
Press: ? - help, Shift-Dir - straight line, f/p - leopard gecko
Aim: a leopard gecko (clinging)
You shoot a stone.
The stone completely misses the leopard gecko.
A rat comes into view.
Firing (i - inventory):
m - 77 stones (quivered)
Press: ? - help, Shift-Dir - straight line, f/p - leopard gecko
Aim: a leopard gecko (clinging)
Okay, then.
The leopard gecko bites Liz.
Liz hits the leopard gecko.
Ijyb zaps a wand.
The bolt of acid hits Liz.
Liz is splashed with acid.
The acid corrodes Liz!
Liz is destroyed!
The bolt of acid hits you!
Ouch! That really hurt!
The acid corrodes you!
You are splashed with acid!
The acid burns!
You die...

.# #.#..# .### #.#..#
...# #.#..# ...#####
#.#..# .......# #.#.(#
.......#######.#).#
...............#..#####.
.......########.....g...
.......# #.@.l....(
####.### #...####.r #.#
##### . #.# #.# #.# #.#
...


You could see Ijyb, a leopard gecko and a rat.

Vanquished Creatures
  4 adders
  An ooze (D:3)
  A worm (D:2)
  4 dart slugs (D:2)
  2 leopard geckos
  An orc (D:3)
  A ball python (D:1)
  3 giant cockroaches
  10 goblins
  3 hobgoblins
  4 kobolds
  5 bats
  A frilled lizard (D:2)
  6 rats
46 creatures vanquished.

Vanquished Creatures (collateral kills)
  2 oozes
  2 worms (D:3)
  A ball python (D:3)
  2 hobgoblins (D:3)
  A frilled lizard (D:2)
8 creatures vanquished.

Vanquished Creatures (others)
  An ancestor (D:3)
1 creature vanquished.

Grand Total: 55 creatures vanquished

Notes
Turn   | Place    | Note
-------+----------+-------------------------------------------
     0 | D:1      | Tiruin the Formicid Hunter began the quest for the Orb.
     0 | D:1      | Reached XP level 1. HP: 16/16 MP: 1/1
    28 | D:1      | Reached XP level 2. HP: 5/23 MP: 2/2
   607 | D:1      | Reached XP level 3. HP: 26/28 MP: 3/3
  1229 | D:2      | Reached skill level 1 in Armour
  1340 | D:2      | Found a hazy altar of Hepliaklqana.
  1344 | D:2      | Became a worshipper of Hepliaklqana the Forgotten
  1453 | D:2      | Reached XP level 4. HP: 30/30 MP: 4/4
  1950 | D:3      | Reached XP level 5. HP: 31/36 MP: 5/5
  2006 | D:3      | Noticed Ijyb
  2008 | D:3      | Splashed by Ijyb's acid

Skill      XL: |  1  2  3  4  5 |
---------------+----------------+-----
Dodging        | 2 |  2.4
Armour         | 1 2 |  2.0
Fighting       | 3 |  3.2
Short Blades   | |  0.1
Crossbows      | |  4.9
Stealth        | |  1.2

Action                   |  1- 3 |  4- 6 || total
-------------------------+-------+-------++-------
Melee: Short sword       |    43 |    16 ||    59
       Hunting sling     |     1 |       ||     1
 Fire: Hunting sling     |    65 |    50 ||   115
Invok: Ancestor Identity |     1 |       ||     1
  Eat: Chunk             |     1 |     2 ||     3
Armor: Leather armour    |     1 |       ||     1
       Ring mail         |    20 |    13 ||    33
Dodge: Dodged            |    36 |    23 ||    59
